 Dungeon Crawl Stone Soup version 0.22.1-1-ga44c0e5 (webtiles) character file.

509 Starchild the Spear-Bearer (level 7, -6/50 HPs)
             Began as a Merfolk Gladiator on Sept 25, 2018.
             Killed from afar by an orc wizard (7 damage)
             ... with a magic dart
             ... on level 5 of the Dungeon.
             The game lasted 00:13:34 (3638 turns).

Starchild the Spear-Bearer (Merfolk Gladiator)      Turns: 3638, Time: 00:13:35

Health: -6/50      AC:  6    Str: 20 (21) XL:     7   Next: 19%
Magic:  16/16      EV: 16    Int:  4 (7)  God:
Gold:   131        SH:  0    Dex: 14 (16) Spells: 6/6 levels left

rFire    . . .     SeeInvis .   a - +1 trident
rCold    . . .     Gourm    .   (no shield)
rNeg     . . .     Faith    .   b - +0 leather armour
rPois    .         Spirit   .   c - +0 helmet
rElec    .         Reflect  .   n - +0 cloak
rCorr    .         Harm     .   t - +0 pair of gloves
MR       .....                  (no boots)
Stlth    +.........             u - amulet of the acrobat
HPRegen  0.16/turn              h - ring of magical power
MPRegen  0.15/turn              (no ring)

@: mighty
A: change form in water, swift swim, stealthy swim, subdued magic 1, MP-powered
wands
a: no special abilities


You were on level 5 of the Dungeon.
You were not hungry.

You visited 1 branch of the dungeon, and saw 5 of its levels.

You collected 131 gold pieces.

Inventory:

Hand Weapons
 a - a +1 trident (weapon)
 g - a +0 halberd
Missiles
 d - 2 throwing nets
 e - 72 stones
 q - 7 tomahawks (quivered)
Armour
 b - a +0 leather armour (worn)
 c - a +0 helmet (worn)
 n - a +0 cloak (worn)
 t - a +0 pair of gloves (worn)
Jewellery
 h - a ring of magical power (left hand)
 r - an uncursed amulet of guardian spirit {unknown}
 u - an amulet of the acrobat (around neck)
Wands
 x - a wand of flame (26)
Scrolls
 i - 3 scrolls of identify
 k - a scroll of immolation
 l - 3 scrolls of remove curse
 m - a scroll of amnesia {unknown}
 o - a scroll of magic mapping
 p - 2 scrolls of teleportation {unknown}
Potions
 j - 2 potions of magic
 v - a potion of might
Comestibles
 f - 7 rations
 w - a chunk of flesh


   Skills:
 - Level 2.1 Fighting
 + Level 9.3 Polearms
 - Level 2.0 Throwing
 * Level 7.2 Dodging


You had 6 spell levels left.
You didn't know any spells.
Your spell library contained the following spells:

 Spells                   Type           Power        Failure   Level  Hunger
 Animate Skeleton         Necr           N/A          52%         1    ##.....
 Apportation              Tloc           #.....       52%         1    ##.....
 Confusing Touch          Hex            #.....       52%         1    ##.....
 Summon Small Mammal      Summ           #...         52%         1    ##.....


Dungeon Overview and Level Annotations

Branches:
Dungeon (5/15)
 Temple: D:4-7

Altars:
Ashenzari
Dithmenos
Kikubaaqudgha
Wu Jian
The Shining One


Innate Abilities, Weirdness & Mutations

You revert to your normal form in water.
You are very nimble and swift while swimming.
You are very stealthy in the water. (Stealth+)
Your spells are a little easier to cast, but a little less powerful.
You expend magic power (3 MP) to strengthen your wands.


Message History

You feel weakened.
You feel dopey.
You feel clumsy. Something hits you.
* * * LOW HITPOINT WARNING * * *
Okay, then.
You're too confused!
Evoke which item? (* to show all) (? for menu, Esc to quit)
Okay, then.
You feel very mighty all of a sudden.
The crimson imp blinks!
Something hits you but does no damage.
You bump into the rock wall.
You feel less confused.
* * * LOW HITPOINT WARNING * * *
You feel sick.
You are no longer poisoned.
The orc wizard casts a spell at you.
The magic dart hits something.
You hear some strange, mumbled words.
A magic dart appears from out of thin air!
The magic dart hits you!
You die...

###ยงยง.##
#.....# #....##
#....# ##.#)#
#)#w# #.#.#####
#####.).>...##
#..@.o.......#
#.####.<.##..# #
#.#.# .# #...# #
#.####..##
##.####.........
#......>.###..#
#..####.## #..#
#>.####.####..#


You could see an orc wizard.

Vanquished Creatures
  A scorpion (D:4)
  2 orc wizards
  Natasha (D:3)
  6 worker ants
  6 adders
  2 gnolls (D:1)
  A shadow imp (D:5)
  An ooze (D:1)
  2 worms
  4 dart slugs
  5 leopard geckos
  12 orcs
  3 ball pythons
  5 giant cockroaches
  6 goblins
  8 hobgoblins
  6 jackals
  A quokka (D:3)
  11 bats
  7 frilled lizards
  8 kobolds
  A quokka skeleton (D:4)
  14 rats
113 creatures vanquished.

Vanquished Creatures (others)
  An orc wizard (D:5)
1 creature vanquished.

Grand Total: 114 creatures vanquished

Notes
Turn   | Place    | Note
-------+----------+-------------------------------------------
     0 | D:1      | Starchild the Merfolk Gladiator began the quest for the
                  | Orb.
     0 | D:1      | Reached XP level 1. HP: 16/16 MP: 1/1
    45 | D:1      | Reached XP level 2. HP: 18/22 MP: 2/2
    77 | D:1      | Reached skill level 5 in Polearms
   179 | D:1      | Reached XP level 3. HP: 11/27 MP: 3/3
   830 | D:1      | Reached skill level 5 in Dodging
   908 | D:2      | Reached skill level 6 in Polearms
   908 | D:2      | Reached XP level 4. HP: 25/33 MP: 4/4
  1751 | D:2      | Gained mutation: Your spells are a little easier to cast,
                  | but a little less powerful. [potion of mutation]
  1751 | D:2      | Gained mutation: You expend magic power (3 MP) to
                  | strengthen your wands. [potion of mutation]
  1849 | D:3      | Found a glowing golden altar of the Shining One.
  1851 | D:3      | Found an ancient bone altar of Kikubaaqudgha.
  1863 | D:3      | Reached XP level 5. HP: 38/38 MP: 5/5
  1938 | D:3      | Found an ornate altar of the Wu Jian Council.
  2122 | D:3      | Reached skill level 7 in Polearms
  2241 | D:3      | Noticed Natasha
  2244 | D:3      | Killed Natasha
  2351 | D:4      | Found a shattered altar of Ashenzari.
  2360 | D:4      | Reached skill level 8 in Polearms
  2360 | D:4      | Reached XP level 6. HP: 44/44 MP: 6/6
  3200 | D:5      | Entered Level 5 of the Dungeon
  3520 | D:5      | Reached skill level 9 in Polearms
  3568 | D:5      | Found a shadowy altar of Dithmenos.
  3591 | D:5      | Reached XP level 7. HP: 29/50 MP: 7/7
  3636 | D:5      | HP: 2/50 [something (2)]
  3638 | D:5      | Killed from afar by an orc wizard

Skill      XL: |  1  2  3  4  5  6 |
---------------+-------------------+-----
Polearms       | 5 6 8 9 |  9.3
Dodging        | 5 6 7 |  7.2
Fighting       | |  2.1
Throwing       | |  2.0

Action                   |  1- 3 |  4- 6 |  7- 9 || total
-------------------------+-------+-------+-------++-------
Melee: Trident           |    97 |   286 |    30 ||   413
Throw: Stone             |     4 |     2 |       ||     6
       Throwing net      |     2 |       |       ||     2
  Use: Scroll            |       |     9 |       ||     9
       Potion            |       |     7 |     2 ||     9
 Stab: Sleeping          |       |     3 |       ||     3
       Invisible         |       |     1 |       ||     1
  Eat: Chunk             |       |     9 |       ||     9
Armor: Leather armour    |    31 |    50 |     5 ||    86
Dodge: Dodged            |    88 |   168 |    15 ||   271
